 Dungeon Crawl Stone Soup version 0.31-a0-331-geda263fcf1 (webtiles) character file.

Game seed: 17257576456599745519

1925 LustLizard the Grappler (level 9, 0/62 HPs)
             Began as an Octopode Shapeshifter on July 19, 2023.
             Was a Believer of Wu Jian.
             Slain by a hornet (15 damage)
             ... while paralysed by a hornet
             ... on level 7 of the Dungeon.
             The game lasted 00:08:33 (6040 turns).

LustLizard the Grappler (Octopode Shapeshifter)     Turns: 6040, Time: 00:08:34

Health: 0/62       AC:  5    Str: 18    XL:     9   Next: 17%
Magic:  18/18      EV:  2    Int: 11    God:    Wu Jian [**....]
Gold:   315        SH:  0    Dex: 12    Spells: 6/8 levels left

rFire   . .          .
                       - Unarmed
rCold   . . .        (no shield)
rNeg    . . .        (helmet currently unavailable)
rPois   .            (no amulet)
rElec   .            e - ring of flight
rCorr   .            j - ring of magical power
SInv    .            z - +4 ring of protection
Will    .....        (no ring)
Stlth   +++          (no ring)
HPRegen 0.30/turn    (no ring)
MPRegen 0.16/turn    (no ring)
                     (no ring)

%: no passive effects
@: paralysed, lethally poisoned (0 -> -16), beast-form, flying, slowed
A: beast (slay +3), almost no armour, amphibious, 8 rings, camouflage 1,
gelatinous body 1, (nimble swimmer 1), tentacles
a: Begin Untransformation, Renounce Religion, Wall Jump


You were on level 7 of the Dungeon.
You worshipped Wu Jian.
Wu Jian was pleased with you.
You were a hulking beast.
You visited 1 branch of the dungeon, and saw 7 of its levels.

You collected 315 gold pieces.

Inventory:

Missiles
 r - 7 poisoned darts (quivered)
 v - 5 atropa-tipped darts
Jewellery
 e - a ring of flight (left tentacle)
 j - a ring of magical power (right tentacle)
 z - a +4 ring of protection (on tentacle)
Talismans
 b - a beast talisman
Wands
 m - a wand of charming (13)
 u - a wand of light (8)
 y - a wand of polymorph (12)
 A - a wand of roots (6)
Scrolls
 c - a scroll of enchant armour {unknown}
 d - 4 scrolls of fog {unknown}
 f - a scroll of torment {unknown}
 g - a scroll of teleportation {unknown}
 i - a scroll of identify
 k - 3 scrolls of revelation
 s - a scroll of immolation {unknown}
 t - 2 scrolls of amnesia {unknown}
 x - a scroll of silence {unknown}
 B - a scroll of enchant weapon {unknown}
Potions
 a - 4 potions of lignification
 h - a potion of degeneration {unknown}
 l - a potion of curing {unknown}
 n - 2 potions of mutation
 o - 2 potions of enlightenment
 p - a potion of invisibility {unknown}
 q - a potion of attraction {unknown}
 w - 2 potions of might


   Skills:
 + Level 5.8 Fighting
 - Level 2.0 Dodging
 - Level 4.0 Stealth
 * Level 8.2 Unarmed Combat
 + Level 0.8 Translocations
 + Level 5.5 Shapeshifting


You had 6 spell levels left.
You knew the following spells:

 Your Spells              Type           Power      Damage    Failure   Level
a - Blink                 Tloc           2%         N/A       36%         2

Your spell library contained the following spells:

 Spells                   Type           Power      Damage    Failure   Level
 Lesser Beckoning         Tloc           2%         N/A       36%         2
 Momentum Strike          Conj/Tloc      0%         3d8       41%         2
 Portal Projectile        Hex/Tloc       0%         N/A       65%         3
 Volatile Blastmotes      Fire/Tloc      0%         2d10      65%         3
 Call Canine Familiar     Summ           0%         N/A       71%         3
 Iskenderun's Mystic Bla  Conj/Tloc      0%         2d3       96%         4
 Fulminant Prism          Conj/Hex       0%         3d5       98%         4
 Leda's Liquefaction      Hex/Erth       0%         N/A       98%         4


Dungeon Overview and Level Annotations

Branches:
Dungeon (7/15)             Temple (0/1) D:5

Altars:
Cheibriados
Dithmenos
Elyvilon
Gozag
Hepliaklqana
Makhleb
Uskayaw
Wu Jian
Xom
Yredelemnul
Zin

Shops:
D:2 (


Innate Abilities, Weirdness & Mutations

You are a hulking beast.
Your limbs bulge with bestial killing power. (Slay +3)
You cannot wear most types of armour.
You are amphibious.
You can wear up to eight rings at the same time.
Your skin changes colour to match your surroundings (Stealth+).
Your rubbery body absorbs attacks. (AC +1, EV +1)
((You are camouflaged when in or above water. (Stealth+)))
You have tentacles for arms and can constrict up to eight enemies at once.


Message History

There is a stone staircase leading down here.
You fly downwards.
Found a scroll of revelation and a scroll labelled IVOMPU CUNI.
Found a stone staircase leading up.
There is a stone staircase leading up here.
Okay, then.
The helpless hornet fails to defend itself.
You batter the hornet!! Your grab misses the hornet.
The hornet is severely wounded.
The hornet stings you!
You are poisoned.
You feel yourself slow down.
The orc shouts!
You tentacle-slap the hornet but do no damage.
Your grab misses the hornet. You tentacle-slap the hornet!
Your squeeze misses the hornet.
The hornet is almost dead.
You feel very sick.
You hear a shout! x2
The hornet stings you!
You are more poisoned.
You feel as though you will be slow longer.
The phantom closely misses you.
An orc comes into view. It is wielding a +0 trident.
The hornet closely misses you. The phantom barely misses you.
You closely miss the hornet.
The orc shouts!
Your grab misses the hornet. Your squeeze misses the hornet.
The hornet is almost dead.
You feel very sick. The hornet stings you!
You are more poisoned.
You suddenly lose the ability to move!
The phantom hits you but does no damage.
The orc hits you with a +0 mace!
The hornet stings you but does no damage.
* * * LOW HITPOINT WARNING * * *
You feel very sick. The hornet stings you!
You die...

##... .....
...... ..o..?
#o.?.#
########....#
......yo....#
#Wh...#
#######


You could see a hornet, a phantom and 3 orcs.

Vanquished Creatures
  Pikel (D:5)
  Grinder (D:5)
  A water moccasin (D:5)
  A black bear (D:5)
  An ogre (D:6)
  Blork the orc (D:5)
  2 scorpions (D:6)
  2 howler monkeys (D:6)
  A crimson imp (D:6)
  A hound (D:6)
  2 jellies
  3 orc priests
  A sleepcap (D:6)
  Jessica (D:3)
  2 iguanas
  Ijyb (D:2)
  2 orc wizards
  Robin (D:2)
  6 gnolls
  9 adders
  4 worms
  2 dart slugs
  15 orcs
  8 endoplasms
  7 giant cockroaches
  20 goblins
  10 hobgoblins
  11 jackals
  4 kobolds
  7 quokkas
  5 ball pythons
  10 bats
  6 frilled lizards
  6 rats
155 creatures vanquished.

Notes
Turn   | Place    | Note
-------+----------+-------------------------------------------
     0 | D:1      | LustLizard the Octopode Shapeshifter began the quest for
                  | the Orb.
     0 | D:1      | Reached XP level 1. HP: 14/14 MP: 1/1
    70 | D:1      | Reached XP level 2. HP: 19/19 MP: 2/2
   227 | D:1      | Reached XP level 3. HP: 25/25 MP: 3/3
   591 | D:2      | Reached skill level 3 in Unarmed Combat
   726 | D:2      | Noticed Ijyb
   746 | D:2      | Killed Ijyb
   747 | D:2      | Reached XP level 4. HP: 7/30 MP: 4/4
   995 | D:2      | Found Hotion's Antique Weapon Shop.
  1293 | D:2      | Reached XP level 5. HP: 29/36 MP: 5/5
  1536 | D:2      | Noticed Robin
  1629 | D:2      | Killed Robin
  1831 | D:2      | Reached skill level 4 in Unarmed Combat
  2305 | D:3      | Noticed Jessica
  2326 | D:3      | Killed Jessica
  2327 | D:3      | Reached skill level 1 in Stealth
  2572 | D:3      | Found an ornate altar of the Wu Jian Council.
  2623 | D:3      | Became a worshipper of the Wu Jian Council
  2880 | D:3      | Noticed a shadow
  2881 | D:3      | Found a shadowy altar of Dithmenos.
  2885 | D:3      | Found a hazy altar of Hepliaklqana.
  2954 | D:3      | Reached XP level 6. HP: 36/42 MP: 6/6
  3309 | D:4      | Found a snail-covered altar of Cheibriados.
  3354 | D:4      | Reached * piety under Wu Jian
  3587 | D:4      | Found a glowing silver altar of Zin.
  3607 | D:4      | Found a white marble altar of Elyvilon.
  4030 | D:5      | Entered Level 5 of the Dungeon
  4060 | D:5      | Noticed Grinder
  4062 | D:5      | Paralysed by Grinder for 3 turns
  4065 | D:5      | Noticed a water moccasin
  4070 | D:5      | Killed Grinder
  4071 | D:5      | Reached skill level 5 in Unarmed Combat
  4071 | D:5      | Reached XP level 7. HP: 19/47 MP: 7/7
  4081 | D:5      | HP: 2/48 [poisoned by a water moccasin]
  4272 | D:5      | Found an opulent altar of Gozag.
  4328 | D:5      | Found a basalt altar of Yredelemnul.
  4510 | D:5      | Noticed Blork the orc
  4516 | D:5      | Killed Blork the orc
  4517 | D:5      | Reached skill level 6 in Unarmed Combat
  4517 | D:5      | Reached XP level 8. HP: 36/54 MP: 8/8
  4645 | D:5      | Reached ** piety under Wu Jian
  5111 | D:5      | Found a staircase to the Ecumenical Temple.
  5406 | D:6      | Noticed Pikel
  5414 | D:5      | Killed Pikel
  5415 | D:5      | Reached skill level 5 in Fighting
  5415 | D:5      | Reached skill level 7 in Unarmed Combat
  5415 | D:5      | Reached skill level 5 in Shapeshifting
  5569 | D:6      | Reached XP level 9. HP: 55/61 MP: 9/9
  5571 | D:6      | Reached skill level 8 in Unarmed Combat
  5618 | D:6      | Learned a level 2 spell: Blink
  5738 | D:6      | Noticed a +0 short sword
  5738 | D:6      | Noticed a +0 dagger
  5739 | D:6      | Noticed a +0 falchion
  5739 | D:6      | Noticed a +0 spear
  5740 | D:6      | Noticed a +0 spear
  5740 | D:6      | Noticed a +0 falchion
  5742 | D:6      | Noticed a +0 dagger
  5743 | D:6      | Noticed a +0 short sword
  5767 | D:6      | Found a hide-covered altar of Uskayaw.
  5782 | D:6      | Found a burning altar of Makhleb.
  5784 | D:6      | Found a shimmering altar of Xom.
  6036 | D:7      | Noticed a hornet
  6039 | D:7      | Paralysed by a hornet for 3 turns
  6040 | D:7      | Slain by a hornet

Illustrated notes

Levels and vault maps discovered:
D:1:      saegor_arrival_simple_c, layout_rooms
D:2:      kennysheep_the_goblin_king, layout_basic, serial_shops, shop,
          uniq_robin
D:3:      layout_loops_corners, riverfiend_overflow_shadow_ancestor,
          mainiacjoe_overflow_24_doors, uniq_jessica
D:4:      layout_basic, elyvilon_altar_5, lemuel_round_altar,
          mainiacjoe_overflow_boulevard, serial_bayou_pond_c
D:5:      layout_cave_pods, mainiacjoe_overflow_catwalk, lemuel_tele_altar,
          minmay_temple_entry_poolview, corexii_checkpoint_a,
          uniq_blork_the_orc, uniq_grinder
D:6:      layout_cave_pools, grunt_temple_overflow_champion_of_chaos,
          nicolae_uskayaw_en_pointe, uniq_pikel
D:7:      layout_layer_cave, mainiacjoe_overflow_alcove_2

Skill      XL: |  1  2  3  4  5  6  7  8  9 |
---------------+----------------------------+-----
Unarmed Combat | 3 4 5 6 7 8 |  8.2
Fighting       | 3 4 5 |  5.8
Stealth        | 1 3 4 |  4.0
Shapeshifting  | 4 5 |  5.5
Dodging        | |  2.0
Translocations | |  0.8

Action                     |  1- 3 |  4- 6 |  7- 9 || total
---------------------------+-------+-------+-------++-------
  Melee: Unarmed           |    60 |   149 |    83 ||   292
         Constrict         |    13 |    38 |    20 ||    71
         Tentacles         |    12 |    20 |    21 ||    53
         Punch             |     1 |     7 |     3 ||    11
  Throw: Dart              |       |       |     4 ||     4
Ability: Lunge             |       |    22 |     9 ||    31
    Use: Scroll            |       |     4 |     1 ||     5
         Potion            |       |       |     1 ||     1
   Stab: Sleeping          |     3 |    22 |     3 ||    28
 Armour: Skin              |     9 |     4 |     6 ||    19
  Dodge: Dodged            |    46 |    69 |    32 ||   147

Table legend: (Time is in decaauts)
 A = Elapsed time spent in this place.
 B = Non-inter-level travel time spent in this place.
 C = Inter-level travel time spent in this place.
 D = Time resting spent in this place.
 E = Time spent auto-exploring this place.
 F = Levels seen in this place.
 G = Mean time per level.
                   A        B        C        D        E       F      G
               +--------+--------+--------+--------+--------+-----+--------+
         Total |   6025 |   5788 |    237 |    359 |   4503 |   7 |  860.7 |
       Dungeon |   6025 |   5788 |    237 |    359 |   4503 |   7 |  860.7 |
               +--------+--------+--------+--------+--------+-----+--------+

Top non-repeatable levels by time:
     D:2: 1552 daAuts
     D:5: 1281 daAuts
     D:3: 1097 daAuts
     D:4: 890 daAuts
     D:6: 616 daAuts
     D:1: 582 daAuts
     D:7: 4 daAuts
